 Dungeon Crawl Stone Soup version 0.26-a0-597-gb535b0901c (webtiles) character file.

Game seed: 2410090148727473838

63 HoaS the Shield-Bearer (level 4, -1/35 HPs)
             Began as a Formicid Fighter on Aug 29, 2020.
             Killed by nerve-wracking pain
             ... invoked by Menkaure
              (8 damage)
             ... on level 4 of the Dungeon.
             The game lasted 00:02:24 (910 turns).

HoaS the Shield-Bearer (Formicid Fighter)            Turns: 910, Time: 00:02:25

Health: -1/35      AC:  6    Str: 22    XL:     4   Next: 31%
Magic:  4/4        EV:  8    Int:  7    God:
Gold:   55         SH:  9    Dex: 10    Spells: 3/3 levels left

rFire    . . .     SeeInvis +   a - +0 quarterstaff
rCold    . . .     Faith    .   c - +0 kite shield
rNeg     . . .     Spirit   .   b - +0 scale mail
rPois    .         Reflect  .   (helmet unavailable)
rElec    .         Harm     .   (no cloak)
rCorr    .                      (no gloves)
MR       .....                  (no boots)
Stlth    ..........             (no amulet)
HPRegen  0.11/turn              (no ring)
MPRegen  0.09/turn              (no ring)

@: no status effects
A: permanent stasis, dig shafts and tunnels, four strong arms, antennae 3
a: Dig, Shaft Self


You were on level 4 of the Dungeon.
You visited 1 branch of the dungeon, and saw 3 of its levels.

You collected 55 gold pieces.

Inventory:

Hand Weapons
 a - a +0 quarterstaff (weapon)
Armour
 b - a +0 scale mail (worn)
 c - a +0 kite shield (worn)
Potions
 f - a potion of magic {unknown}
 g - a potion of flight {unknown}


   Skills:
 - Level 3.2 Fighting
 * Level 3.6 Staves
 - Level 3.2 Armour
 + Level 4.4 Shields


You had 3 spell levels left.
You didn't know any spells.
Your spell library was empty.

Dungeon Overview and Level Annotations

Branches:
Dungeon (2/15)

Altars:

Annotations:
D:4 Menkaure


Innate Abilities, Weirdness & Mutations

You cannot be hasted, slowed, berserked, paralysed or teleported.
You can dig through walls and to a lower floor.
Your four strong arms can wield two-handed weapons with a shield.
You have a pair of large antennae on your head. (SInv)


Message History

You are too injured to fight recklessly!
You are too injured to fight recklessly!
You are too injured to fight recklessly!
You are too injured to fight recklessly!
You feel much better. Menkaure barely misses you.
You sock Menkaure!
Menkaure is almost destroyed.
You hear the slow rusting of a very distant drain.
Menkaure hits you!
You hit Menkaure but do no damage.
Menkaure is almost destroyed.
Menkaure hits you!
Menkaure calls on the powers of darkness!
Your body is wracked with pain!
* * * LOW HITPOINT WARNING * * *
Your scale mail prevents you from hitting Menkaure.
Menkaure is almost destroyed.
Menkaure casts a spell at you. Pain shoots through your body!
You die...

.......#.##.
...........
........#..
........#.
.........# ..
.........# ...
......M..## ....
.......@..# ###....
..........##...#...
.........)?#.......
..........)#.......
..........#(.#
........####.#
......### ..#
....## ...# ###
...#


You could see Menkaure (fast).

Vanquished Creatures
  4 gnolls (D:4)
  An adder (D:4)
  2 giant cockroaches (D:1)
  A goblin (D:1)
  3 hobgoblins (D:1)
  2 kobolds (D:1)
  3 bats
  A quokka skeleton (D:4)
  2 rats
19 creatures vanquished.

Notes
Turn   | Place    | Note
-------+----------+-------------------------------------------
     0 | D:1      | HoaS the Formicid Fighter began the quest for the Orb.
     0 | D:1      | Reached XP level 1. HP: 18/18 MP: 1/1
     3 | D:1      | Noticed a formicid
     3 | D:1      | Noticed a spriggan
     5 | D:1      | Noticed a felid
     8 | D:1      | Noticed a centaur
    10 | D:1      | Noticed a naga
    10 | D:1      | Noticed a dwarf
    12 | D:1      | Noticed an ogre
    15 | D:1      | Noticed a vine stalker
    15 | D:1      | Noticed a centaur
    17 | D:1      | Noticed a ghoul
    17 | D:1      | Noticed a vine stalker
    19 | D:1      | Noticed an elf
    19 | D:1      | Noticed a minotaur
    21 | D:1      | Noticed a spriggan
   218 | D:1      | Reached XP level 2. HP: 24/24 MP: 2/2
   812 | D:2      | You fall into a shaft and drop 2 floors!
   821 | D:4      | Reached skill level 4 in Shields
   821 | D:4      | Reached XP level 3. HP: 9/29 MP: 3/3
   832 | D:4      | Reached XP level 4. HP: 18/35 MP: 4/4
   897 | D:4      | Noticed Menkaure
   910 | D:4      | Killed from afar by Menkaure

Illustrated notes

Levels and vault maps discovered:
D:1:      shiori_arrival_whats_in_store_for_you, layout_loops_corners,
          minmay_misc_feat_five
D:2:      layout_loops_ring, minmay_tetromino_o2, uniq_sigmund
D:4:      layout_cave_pods, gammafunk_ghost_grave, cheibrodos_sewer_entry_bend,
          uniq_menkaure

Skill      XL: |  1  2 |
---------------+-------+-----
Staves         | 3 |  3.6
Shields        | 4 |  4.4
Fighting       | |  3.2
Armour         | |  3.2

Action                   |  1- 3 |  4- 6 || total
-------------------------+-------+-------++-------
Melee: Quarterstaff      |    38 |    10 ||    48
 Abil: Dig               |     2 |       ||     2
  Use: Scroll            |     3 |       ||     3
       Potion            |     2 |     1 ||     3
Armor: Scale mail        |    18 |       ||    18
Dodge: Dodged            |    17 |     2 ||    19
Block: Kite shield       |    18 |     6 ||    24

Table legend: (Time is in decaauts)
 A = Elapsed time spent in this place.
 B = Non-inter-level travel time spent in this place.
 C = Inter-level travel time spent in this place.
 D = Time resting spent in this place.
 E = Time spent auto-exploring this place.
 F = Levels seen in this place.
 G = Mean time per level.
                   A        B        C        D        E       F      G
               +--------+--------+--------+--------+--------+-----+--------+
         Total |    919 |    877 |     42 |     52 |    666 |   3 |  306.3 |
       Dungeon |    919 |    877 |     42 |     52 |    666 |   3 |  306.3 |
               +--------+--------+--------+--------+--------+-----+--------+

Top non-repeatable levels by time:
     D:1: 764 daAuts
     D:4: 102 daAuts
     D:2: 52 daAuts
